 Seeded DCSS version 0.25-a0-424-g80bd347 (webtiles) character file.

Game seed: 4685463770755312842, levelgen mode: deterministic

5446 araganzar the Destroyer (level 10, 0/60 HPs)
             Began as a Gargoyle Ice Elementalist on Jan 20, 2020.
             Was a Priest of Okawaru.
             Slain by a komodo dragon (26 damage)
             ... on level 9 of the Dungeon.
             The game lasted 00:54:46 (12501 turns).

araganzar the Destroyer (GrIE)                     Turns: 12501, Time: 00:54:46

Health: 0/60       AC: 15    Str: 13    XL:     10   Next: 68%
Magic:  12/16      EV: 12    Int: 18    God:    Okawaru [***...]
Gold:   333        SH:  0    Dex: 10    Spells: 5/17 levels left

rFire    . . .     SeeInvis +   a - +1 dagger (venom)
rCold    . . .     Gourm    .   (no shield)
rNeg     + . .     Faith    .   L - +3 leather armour
rPois    ∞         Spirit   .   B - +0 helmet
rElec    +         Reflect  .   (no cloak)
rCorr    .         Harm     .   (no gloves)
MR       .....                  (no boots)
Stlth    ++........             (no amulet)
HPRegen  0.20/turn              y - ring of see invisible {sInv, !d}
MPRegen  0.15/turn              (no ring)

@: no status effects
A: negative energy resistance 1, electricity resistance, unbreathing,
petrification resistance, rot immunity, AC +7
a: Heroism, Renounce Religion


You were on level 9 of the Dungeon.
You worshipped Okawaru.
Okawaru was most pleased with you.
You were not hungry.

You visited 2 branches of the dungeon, and saw 10 of its levels.
You also visited: Ossuary.

You collected 403 gold pieces.
You spent 70 gold pieces at shops.


Innate Abilities, Weirdness & Mutations

You are resistant to torment.
Your stone body is resilient. (AC +7)
You are immune to poison.
You resist negative energy. (rN+)
You are resistant to electric shocks. (rElec)
You can survive without breathing.
You are immune to petrification.
You are immune to rotting.


   Skills:
 - Level 6.0 Fighting
 - Level 5.0(5.2) Short Blades
 - Level 2.0(3.8) Long Blades
 - Level 5.2 Armour
 + Level 3.2 Dodging
 - Level 2.1 Stealth
 + Level 4.1 Spellcasting
 - Level 8.0 Conjurations
 - Level 2.0 Charms
 + Level 1.9 Summonings
 - Level 8.0 Ice Magic
 - Level 2.0 Invocations


You had 5 spell levels left.
You knew the following spells:

 Your Spells              Type           Power        Failure   Level  Hunger
a - Freeze                Ice            ####         1%          1    None
b - Hailstorm             Conj/Ice       ####....     7%          4    ####...
c - Summon Ice Beast      Ice/Summ       ###.....     24%         4    ####...
A - Ozocubu's Armour      Chrm/Ice       ###.....     7%          3    ###....

Your spell library contained the following spells:

 Spells                   Type           Power        Failure   Level  Hunger


Inventory:

Hand Weapons
 a - a +1 dagger of venom (weapon)
   (You took it off Robin on level 3 of the Dungeon)
 b - a +0 hunting sling
   (You found it on level 1 of the Dungeon)
 r - a +0 hand axe
   (You found it on level 2 of the Dungeon)
 w - a +2 falchion of protection
   (You took it off Eustachio on level 4 of the Dungeon)
 C - a +0 great sword
   (You found it on level 6 of the Dungeon)
 D - a +0 hand crossbow
   (You found it on level 4 of the Dungeon)
 M - a +2 flail of protection
   (You took it off an orc priest on level 8 of the Dungeon)
 O - the cursed +1 arbalest "Killer Klown's Doom" {elec, +Fly rPois Str+3 Int+4}
   (You took it off an orc warrior on level 9 of the Dungeon)

   It charges the ammunition it shoots with electricity; occasionally upon a
   hit, such missiles may discharge and cause terrible harm.
   It affects your strength (+3).
   It affects your intelligence (+4).
   It protects you from poison.
   It lets you fly.
   It has a curse placed upon it.
Missiles
 i - 12 poisoned darts (quivered)
 j - 184 stones
 l - 52 sling bullets
 z - 97 bolts
 J - 2 atropa-tipped darts
Armour
 h - a +0 chain mail
   (You took it off an orc priest on level 3 of the Dungeon)
 k - a +0 robe
 B - a +0 helmet (worn)
   (You took it off Robin on level 3 of the Dungeon)
 L - a +3 leather armour (worn)
   (You found it on level 8 of the Dungeon)
Jewellery
 y - a ring of see invisible (left hand) {sInv, !d}
   (You found it on level 3 of the Dungeon)
Wands
 o - a wand of polymorph (3)
   (You took it off Joseph on level 8 of the Dungeon)
 K - a wand of iceblast (7)
   (You found it on level 6 of the Dungeon)
 N - a wand of acid (7)
   (You took it off an orc on level 8 of the Dungeon)
Scrolls
 n - 5 scrolls of immolation {!r}
 q - a scroll of fog
 s - 7 scrolls of remove curse
 t - 5 scrolls of amnesia
 v - 8 scrolls of teleportation
 x - 3 scrolls of blinking {!r}
Potions
 d - 3 potions of mutation {!q}
 e - 2 potions of invisibility
 f - 4 potions of curing
 g - 4 potions of cancellation
 m - 2 potions of haste
 p - 4 potions of might
 A - a potion of berserk rage {unknown}
 E - a potion of ambrosia
 F - 2 potions of heal wounds
 G - 2 potions of magic
 H - 3 potions of flight
 I - a potion of lignification {unknown}
Miscellaneous
 P - a phantom mirror
Comestibles
 c - 6 rations

..#####..# #..# #...# ..#
#..# #..# #...# ..# #..#
#..# #...# ..# #..# #..#
#...####### ..# #..# #..#
#.........# ..# #..####..#
#.........# ..# #........#
#.........# ..#
#........######.........#
..#
#.#####...@l............##
..# #.#
#.########...(.(.(.# ..#
#.# #.# #....###(..# ..#
#.# #.# #....# ....P ..#
#.# #.# #....#....PP ..#
#.# #.# #....#....PP ..#
#.# #.# #.......PPPP ..#
#.# #.# #.....P.PPPP ..#
#.# #.......PPlP


You could see a komodo dragon.


Message History

You throw a poisoned dart.
The poisoned dart barely misses the komodo dragon.
Throwing (i - inventory. (/) - cycle)
i - 13 poisoned darts (quivered)
Aim: a komodo dragon (lightly wounded, very poisoned)
You throw a poisoned dart.
The poisoned dart hits the komodo dragon.
The komodo dragon looks even sicker.
A film of ice covers your body!
You now have 13/16 mp.
Unknown command.
You hit the komodo dragon but do no damage.
The komodo dragon looks as sick as possible!
The komodo dragon barely misses you.
You hit the komodo dragon but do no damage.
The komodo dragon bites you!!
You take 18 damage, and have 42/60 hp.
MASSIVE DAMAGE!!
You hit the komodo dragon but do no damage.
Unknown command.
Your icy armour cracks and falls away as you move.
Aim: a komodo dragon (heavily wounded, very poisoned)
You freeze the komodo dragon!
The komodo dragon seems to slow down.
The komodo dragon bites you!!
You take 18 damage, and have 25/60 hp.
MASSIVE DAMAGE!!
You now have 13/16 mp.
Unknown command.
Aim: a komodo dragon (severely wounded, slow, very poisoned)
You freeze the komodo dragon. The komodo dragon bites you!!
You die...

Action                   |  1- 3 |  4- 6 |  7- 9 | 10-12 || total
-------------------------+-------+-------+-------+-------++-------
Melee: Unarmed           |     1 |       |     2 |       ||     3
       Dagger            |    44 |    88 |   188 |   143 ||   463
       Falchion          |       |       |   442 |    21 ||   463
 Fire: Hunting sling     |       |       |    85 |    12 ||    97
Throw: Stone             |    20 |       |    11 |       ||    31
       Dart              |       |    17 |    14 |    31 ||    62
 Cast: Freeze            |    41 |    53 |    37 |    47 ||   178
       Ozocubu's Armour  |       |     1 |    26 |     6 ||    33
Invok: Heroism           |       |       |     1 |     2 ||     3
Evoke: Wand              |       |       |     7 |     2 ||     9
  Use: Scroll            |       |     7 |    15 |       ||    22
       Potion            |       |       |     3 |       ||     3
 Stab: Sleeping          |     5 |     2 |     1 |     1 ||     9
  Eat: Chunk             |     4 |     6 |    16 |     8 ||    34
       Ration            |       |       |     5 |       ||     5
Armor: Robe              |    28 |    12 |       |       ||    40
       Leather armour    |       |    28 |   332 |    78 ||   438
Dodge: Dodged            |    45 |    68 |   351 |    90 ||   554
       Rpst.: Falchion   |       |       |    73 |     5 ||    78

Levels and vault maps discovered:
D:1:      scummos_arrival_simple_crosswalls, layout_loops_corners,
          minmay_misc_feat_pillars
D:2:      layout_loops_ring, nicolae_overflow_hidden_temple
D:3:      layout_basic, first_ration, chequers_ecumenical_altar_simple,
          uniq_robin
D:4:      layout_rooms, enter_ossuary_2, serial_shops, nicolae_shop_stone,
          nicolae_shop_competitors_out_of_business,
          nicolae_shop_competitors_out_of_business, shop, nrook_loot_triangle,
          uniq_eustachio
D:5:      layout_layer_cave, minmay_temple_entry_butterflies, serial_shops, shop
D:6:      layout_cave_pods, lemuel_doored_altar, serial_shops, shop_statue
D:7:      layout_basic
D:8:      layout_basic, old_standard_altar, uniq_joseph
D:9:      layout_long_grid, david_lair_shrubbed, david_orc_3, serial_shops,
          nicolae_shop_statue_plus, basic_altar
Temple:   compressed_dpeg_circular_temple

Notes
Turn   | Place    | Note
-------+----------+-------------------------------------------
     0 | D:1      | araganzar the Gargoyle Ice Elementalist began the quest for
                  | the Orb.
     0 | D:1      | Reached XP level 1. HP: 10/10 MP: 3/3
   394 | D:1      | Reached XP level 2. HP: 16/16 MP: 3/5
   397 | D:1      | Reached skill level 1 in Fighting
   909 | D:1      | Reached XP level 3. HP: 20/20 MP: 6/6
   919 | D:1      | Learned a level 3 spell: Ozocubu's Armour
  1308 | D:2      | Reached skill level 1 in Short Blades
  1669 | D:2      | Found a shadowy altar of Dithmenos.
  1671 | D:2      | Found a sparkling altar of Nemelex Xobeh.
  2147 | D:3      | Reached XP level 4. HP: 26/26 MP: 8/8
  2217 | D:3      | Reached skill level 2 in Fighting
  2226 | D:3      | Found a faded altar of an unknown god.
  2282 | D:3      | Reached skill level 1 in Charms
  2450 | D:3      | Noticed Robin
  2829 | D:3      | Reached skill level 3 in Spellcasting
  2862 | D:3      | Reached XP level 5. HP: 31/31 MP: 9/9
  3255 | D:3      | Noticed an ogre
  3278 | D:3      | Killed an ogre
  3278 | D:3      | Reached skill level 3 in Fighting
  3278 | D:3      | Reached skill level 2 in Short Blades
  3278 | D:3      | Reached skill level 2 in Charms
  3278 | D:3      | Reached XP level 6. HP: 32/37 MP: 4/10
  3666 | D:3      | Killed Robin
  3817 | D:4      | Found Entukk's Antique Weapon Shoppe.
  3952 | D:4      | Found Lanotaa's Gadget Emporium.
  3995 | D:4      | Reached skill level 3 in Short Blades
  3999 | D:4      | Found Biyrphep's Distillery.
  4003 | D:4      | Noticed Eustachio
  4040 | D:4      | Killed Eustachio
  4040 | D:4      | Reached skill level 4 in Fighting
  4040 | D:4      | Reached XP level 7. HP: 31/44 MP: 4/11
  4079 | D:4      | Bought a potion of heal wounds for 70 gold pieces
  4086 | D:4      | Found a sand-covered staircase.
  4103 | Ossuary  | Entered an ossuary
  4117 | Ossuary  | Reached skill level 5 in Ice Magic
  4253 | Ossuary  | Reached skill level 4 in Short Blades
  4334 | Ossuary  | Reached skill level 5 in Fighting
  4451 | Ossuary  | Reached XP level 8. HP: 49/49 MP: 12/12
  4457 | Ossuary  | Learned a level 4 spell: Hailstorm
  4525 | Ossuary  | Reached skill level 1 in Conjurations
  5179 | D:4      | Found Irugub's Antique Armour Shoppe.
  5461 | D:5      | Entered Level 5 of the Dungeon
  5548 | D:5      | Reached skill level 5 in Short Blades
  5548 | D:5      | Reached skill level 2 in Conjurations
  5944 | D:5      | Reached skill level 3 in Conjurations
  5960 | D:5      | Found a staircase to the Ecumenical Temple.
  5972 | Temple   | Entered the Ecumenical Temple
  6066 | Temple   | Became a worshipper of Warmaster Okawaru
  6200 | D:5      | Found Zag Anuu's General Store.
  6247 | D:5      | Reached skill level 4 in Conjurations
  6410 | D:5      | Reached skill level 1 in Invocations
  6451 | D:5      | Reached skill level 2 in Invocations
  6609 | D:5      | Reached skill level 1 in Long Blades
  6793 | D:5      | Reached skill level 2 in Long Blades
  7186 | D:6      | Found a snail-covered altar of Cheibriados.
  7471 | D:6      | Reached skill level 5 in Conjurations
  7574 | D:6      | Reached XP level 9. HP: 32/55 MP: 7/13
  7707 | D:6      | Found Huteqe's Distillery.
  7746 | D:6      | Reached * piety under Okawaru
  7746 | D:6      | Reached skill level 1 in Armour
  7853 | D:6      | Reached skill level 6 in Fighting
  7900 | D:6      | Reached skill level 2 in Armour
  8410 | D:7      | Reached skill level 6 in Conjurations
  8747 | D:7      | Reached skill level 3 in Armour
  8752 | D:7      | Reached skill level 6 in Ice Magic
  9038 | D:7      | Reached ** piety under Okawaru
  9405 | D:7      | Reached skill level 4 in Armour
  9803 | D:8      | Paralysed by fainting for 8 turns
  9849 | D:8      | Reached skill level 7 in Conjurations
  9891 | D:8      | Found a shimmering altar of Xom.
 10089 | D:8      | Noticed Joseph
 10110 | D:8      | Killed Joseph
 10110 | D:8      | Reached skill level 5 in Armour
 10110 | D:8      | Reached skill level 7 in Ice Magic
 10110 | D:8      | Reached XP level 10. HP: 48/60 MP: 14/14
 10158 | D:8      | Noticed a two-headed ogre
 10382 | D:8      | Learned a level 4 spell: Summon Ice Beast
 10444 | D:8      | Killed a two-headed ogre
 10444 | D:8      | Reached skill level 2 in Dodging
 11335 | D:8      | Reached *** piety under Okawaru
 11335 | D:8      | Reached skill level 8 in Conjurations
 11395 | D:9      | Found Qiydaek's Weapon Emporium.
 11401 | D:9      | Found a sparkling altar of Nemelex Xobeh.
 11497 | D:9      | Found a staircase to the Orcish Mines.
 11617 | D:9      | Reached skill level 4 in Spellcasting
 11617 | D:9      | Reached skill level 1 in Summonings
 11675 | D:9      | Identified the cursed +1 arbalest "Killer Klown's Doom"
                  | {elec, +Fly rPois Str+3 Int+4}
 11706 | D:9      | Reached skill level 3 in Dodging
 12184 | D:9      | Reached skill level 8 in Ice Magic
 12501 | D:9      | Slain by a komodo dragon

Vanquished Creatures
  A two-headed ogre (D:8)
  Joseph (D:8)
  A hippogriff (D:7)
  Eustachio (D:4)
  3 yaks
  A hungry ghost (D:8)
  A water moccasin (D:6)
  3 orc warriors
  An ice beast (D:5)
  2 black bears
  2 phantoms
  2 ogres
  2 centaurs
  A big kobold (D:7)
  2 bullfrogs
  A gnoll sergeant (D:6)
  A water moccasin zombie (Ossuary)
  3 scorpions
  4 wights (D:7)
  3 howler monkeys (D:7)
  5 crimson imps
  5 bullfrog zombies
  2 jellies
  6 orc priests
  3 hounds
  11 orc wizards
  A bullfrog skeleton (D:6)
  An iguana (D:5)
  12 mummies (Ossuary)
  5 worker ants
  2 hound zombies (Ossuary)
  2 hound skeletons
  3 worker ant zombies
  A howler monkey zombie (Ossuary)
  Robin (D:3)
  12 adders
  5 gnolls
  A shadow imp (D:7)
  2 adder zombies (Ossuary)
  An adder skeleton (D:9)
  A worm (D:2)
  A dart slug (D:1)
  7 leopard geckos
  37 orcs
  2 ball pythons (D:3)
  4 bats
  A giant cockroach (D:3)
  12 goblins
  10 hobgoblins
  9 jackals
  3 quokkas
  A ball python zombie (Ossuary)
  5 frilled lizards
  20 kobolds
  2 quokka zombies (Ossuary)
  8 rats
240 creatures vanquished.

Vanquished Creatures (others)
  An orc (D:8)
  2 plants (D:9)
  2 withered plants (Ossuary)
5 creatures vanquished.

Grand Total: 245 creatures vanquished
